 Dungeon Crawl Stone Soup version 0.17-a0-670-g5d95ebd (webtiles) character file.

227 oplop the Chiller (level 6, 0/41 HPs)
             Began as a Merfolk Ice Elementalist on Apr 18, 2015.
             Succumbed to a scorpion's poison
             ... on level 4 of the Dungeon.
             The game lasted 00:08:56 (2987 turns).

oplop the Chiller (Merfolk Ice Elementalist)        Turns: 2987, Time: 00:08:56

Health: 0/41       AC:  3    Str:  8    XL:     6   Next: 2%
Magic:  7/12       EV: 18    Int: 21    God:
Gold:   191        SH:  0    Dex: 20    Spells: 1 memorised, 12 levels left

rFire  . . .     SeeInvis .     n - +0 short sword (venom)
rCold  . . .     Clarity  .     a - +0 robe
rNeg   . . .     SustAb   .     (no shield)
rPois  .         Gourm    .     g - +0 helmet
rElec  .         Spirit   .     (no cloak)
rCorr  .         Warding  .     (no gloves)
rMut   .         Stasis   .     (no boots)
MR     .....                    (no amulet)
Stlth  +++.......               (no ring)
                                (no ring)

@: brilliant, agile, lethally poisoned (0 -> -11), not resistant to hostile
enchantments, fairly stealthy
A: change form in water, swift swim
a: no special abilities


You were on level 4 of the Dungeon.
You were very hungry.

You visited 1 branch of the dungeon, and saw 4 of its levels.

You collected 191 gold pieces.

Inventory:

Hand weapons
 n - a +0 short sword of venom (weapon)
Armour
 a - a +0 robe (worn)
 g - a +0 helmet (worn)
Jewellery
 y - an uncursed ring of protection from fire {unknown}
Magical devices
 A - a wand of disintegration (17)
Scrolls
 d - 9 scrolls of identify {unknown}
 i - 3 scrolls of blinking {unknown}
 j - 3 scrolls of fear {unknown}
 l - 2 scrolls of remove curse {unknown}
 o - a scroll of enchant weapon {unknown}
 q - a scroll of enchant armour {unknown}
 u - a scroll of random uselessness {unknown}
 v - 7 scrolls of magic mapping {unknown}
 w - a scroll of fog {unknown}
Potions
 e - 2 potions of brilliance
 m - 2 potions of restore abilities {unknown}
 p - a potion of resistance {unknown}
 r - a potion of magic {unknown}
 t - a potion of might {unknown}
 z - a potion of experience {unknown}
Books
 b - a book of Frost

   Spells                             Type                      Level
   a - Freeze                         Ice                          1
   b - Throw Frost                    Conjuration/Ice              2
   c - Ozocubu's Armour               Charms/Ice                   3
   d - Throw Icicle                   Conjuration/Ice              4
   e - Summon Ice Beast               Ice/Summoning                4
   f - Condensation Shield            Ice                          4
Comestibles
 c - 3 bread rations
 f - a beef jerky
 k - 2 meat rations
 s - a slice of pizza


   Skills:
 - Level 2.6 Dodging
 - Level 2.1 Stealth
 + Level 4.3 Spellcasting
   Level 0.7 Conjurations
 + Level 5.3 Ice Magic


You had 12 spell levels left.
You knew the following spells:

 Your Spells              Type           Power        Failure   Level  Hunger
a - Freeze                Ice            ####         1%          1    None


Dungeon Overview and Level Annotations

Branches:
Dungeon (4/15)
 Temple: D:4-7

Altars:
Trog
Yredelemnul

Shops:
D:4 :

Annotations:
D:3 laxity's ghost, average NaTm


Message History

You feel sick. The scorpion stings you!
* * * LOW HITPOINT WARNING * * *
Casting: Freeze
Confirm with . or Enter, or press ? or * to list all spells.
Aiming: Freeze
Press: ? - help, Shift-Dir - straight line There's nothing close enough!
* * * LOW HITPOINT WARNING * * *
You feel sick. The scorpion misses you. The worm bites you.
* * * LOW HITPOINT WARNING * * *
Unknown command.
Drink which item? (? for menu, Esc to quit)
It was a potion of brilliance.
You feel clever all of a sudden.
* * * LOW HITPOINT WARNING * * *
You feel sick. The scorpion closely misses you.
Drink which item? (? for menu, Esc to quit)
It was a potion of agility.
You feel agile all of a sudden.
You die...

#.#######.......#
#.......#
####.......#
#..........#
#..........#
#....).....#
#..........#.#
#............#
#....@s%.....+
#........w......#
#.#...............
# #..........#####
#.########## #. #.
#.


You could see a worm and a scorpion.

Vanquished Creatures
  A giant frog (D:2)
  An orc priest (D:2)
  5 adders
  An ooze (D:2)
  2 worms (D:2)
  2 giant geckos
  6 orcs
  8 goblins
  8 hobgoblins
  5 kobolds
  3 quokkas
  14 bats
  4 giant cockroaches
  A giant gecko skeleton (D:4)
  3 giant newts
  5 jackals
  13 rats
82 creatures vanquished.

Notes
Turn   | Place    | Note
--------------------------------------------------------------
     0 | D:1      | oplop, the Merfolk Ice Elementalist, began the quest for the Orb.
     0 | D:1      | Reached XP level 1. HP: 13/13 MP: 3/3
   397 | D:1      | Reached XP level 2. HP: 19/19 MP: 1/5
   965 | D:2      | Noticed a giant frog
   971 | D:2      | Reached XP level 3. HP: 17/24 MP: 7/7
   974 | D:2      | Killed a giant frog
   974 | D:2      | Reached skill level 4 in Ice Magic
   974 | D:2      | Reached XP level 4. HP: 21/30 MP: 6/9
  1600 | D:2      | Reached XP level 5. HP: 35/35 MP: 10/10
  1980 | D:3      | Reached skill level 5 in Ice Magic
  2068 | D:3      | Found a basalt altar of Yredelemnul.
  2234 | D:3      | Noticed laxity's ghost (average NaTm)
  2625 | D:3      | Found a bloodstained altar of Trog.
  2765 | D:4      | Found Tommotoo's Book Shop.
  2903 | D:4      | Reached XP level 6. HP: 39/41 MP: 12/12
  2985 | D:4      | HP: 2/41 [worm (2)]
  2987 | D:4      | Succumbed to a scorpion's poison

Action                   |  1- 3 |  4- 6 || total
-------------------------+-------+-------++-------
Melee: Unarmed           |    25 |       ||    25
       Short sword       |     6 |   141 ||   147
 Cast: Freeze            |    28 |    44 ||    72
  Use: Potion            |       |     2 ||     2
 Stab: Sleeping          |     2 |     5 ||     7
  Eat: Chunk             |       |     6 ||     6
